 Dungeon Crawl Stone Soup version 0.31.0-4-g52a2dc7128 (webtiles) character file.

Game seed: 1630944919886441973

10112 LustLizard the Cleaver (level 11, -6/101 HPs)
             Began as a Minotaur Monk on Jan 22, 2024.
             Was a High Priest of the Shining One.
             Mangled by a sixfirhy (10 damage)
             ... summoned by a kobold demonologist
             ... on level 10 of the Dungeon.
             The game lasted 00:37:17 (12107 turns).

LustLizard the Cleaver (Minotaur Monk)             Turns: 12107, Time: 00:37:18

Health: -6/101     AC: 12    Str: 19    XL:     11   Next: 31%
Magic:  0/15       EV:  6    Int:  4    God:    the Shining One [*****.]
Gold:   525        SH:  0    Dex: 12    Spells: 10/10 levels left

rFire   + . .        K - +2 war axe (flame)
rCold   . . .        d - orb {light}
rNeg    + + .        w - +0 plate armour
rPois   .            (helmet restricted)
rElec   .            y - +0 cloak "Nost" {rF+ Will+ Int-5 SInv}
rCorr   +            (no gloves)
SInv    +            l - +0 pair of boots
Will    +....        L - amulet of guardian spirit Stlth
                     G - ring of flight
HPRegen 0.36/turn    I - ring of resist corrosion
MPRegen 0.14/turn

%: guardian spirit
@: flying, glowing
A: horns 2, retaliatory headbutt
a: Renounce Religion, Divine Shield, Cleansing Flame, Summon Divine Warrior


You were on level 10 of the Dungeon.
You worshipped the Shining One.
The Shining One was extremely pleased with you.
You visited 1 branch of the dungeon, and saw 10 of its levels.
You also visited: Sewer.

You collected 761 gold pieces.
You spent 236 gold pieces at shops.

Inventory:

Hand Weapons
 x - a +0 broad axe
 K - a +2 war axe of flaming (weapon)
Missiles
 b - 5 boomerangs
 e - 30 poisoned darts
 o - 6 atropa-tipped darts
 v - 82 stones
 Q - a throwing net
 R - a curare-tipped dart
Armour
 d - an orb of light (worn)
 l - a +0 pair of boots (worn)
 w - a +0 plate armour (worn)
 y - the +0 cloak "Nost" (worn) {rF+ Will+ Int-5 SInv}
   (You found it on level 2 of the Dungeon)

   Int-5:     It affects your intelligence (-5).
   rF+:       It protects you from fire.
   Will+:     It increases your willpower.
   SInv:      It lets you see invisible.
Jewellery
 G - a ring of flight (left hand)
 I - a ring of resist corrosion (right hand)
 L - an amulet of guardian spirit (around neck)
Wands
 u - a wand of flame (21)
 M - a wand of polymorph (8)
 N - a wand of iceblast (6)
Scrolls
 g - a scroll of fog
 i - 2 scrolls of revelation
 j - 7 scrolls of teleportation
 k - 2 scrolls of amnesia {unknown}
 m - a scroll of fear
 n - a scroll of enchant armour {unknown}
 p - 2 scrolls of immolation {unknown}
 q - 2 scrolls of poison {unknown}
 s - 2 scrolls of summoning {unknown}
 C - a scroll of brand weapon {unknown}
 D - a scroll of vulnerability {unknown}
 H - a scroll of blinking {unknown}
 J - a scroll of silence
Potions
 a - 2 potions of mutation
 c - a potion of ambrosia
 f - 2 potions of magic
 h - 5 potions of curing
 r - 5 potions of enlightenment
 t - 5 potions of cancellation
 z - a potion of invisibility
 A - 2 potions of resistance
 B - 2 potions of lignification
 E - 2 potions of heal wounds
 F - a potion of might
 O - a potion of haste
 P - 2 potions of attraction {unknown}


   Skills:
 + Level 10.7 Fighting
 * Level 13.5 Axes
 + Level 7.2 Throwing
 - Level 5.6 Dodging
 + Level 7.1 Invocations
 - Level 1.8 Evocations


You had 10 spell levels left.
You didn't know any spells.
Your spell library contained the following spells:

 Spells                   Type           Power      Damage    Failure   Level
 Magic Dart               Conj           0%         1d3       100%        1
 Sting                    Conj/Alch      0%         1d3       100%        1
 Mercury Vapours          Alch/Air       0%         N/A       100%        2
 Scorch                   Fire           0%         2d5       100%        2
 Searing Ray              Conj           0%         2d4       100%        2
 Dazzling Flash           Conj/Hex       0%         N/A       100%        3
 Volatile Blastmotes      Fire/Tloc      0%         2d10      100%        3
 Flame Wave               Conj/Fire      0%         2d4       100%        4
 Fulminant Prism          Conj/Alch      0%         3d5       100%        4
 Leda's Liquefaction      Alch/Erth      0%         N/A       100%        4
 Olgreb's Toxic Radiance  Alch           0%         N/A       100%        4
 Lee's Rapid Deconstruct  Erth           0%         3d4*      100%        5
 Bombard                  Conj/Erth      0%         9d1       100%        6
 Starburst                Conj/Fire      0%         6d3       100%        6
 Summon Cactus Giant      Summ           0%         N/A       100%        6
 Maxwell's Capacitive Co  Air            0%         ∞         100%        8


Dungeon Overview and Level Annotations

Branches:
Dungeon (10/15)            Temple (0/1) D:5           Sewer (visited)
   Lair: D:8-11         Orc: D:9-12

Altars:
Elyvilon
Hepliaklqana
Nemelex Xobeh
Trog
Uskayaw
Xom
Zin
The Shining One

Shops:
D:3 (   D:4 !   D:5 ?=!   D:7 ==

Annotations:
D:10 Lodul


Innate Abilities, Weirdness & Mutations

You have a pair of horns on your head.
You reflexively headbutt those who attack you in melee.


Message History

You closely miss the kobold demonologist.
The kobold demonologist is moderately wounded.
You barely miss the sun demon.
The kobold demonologist casts a spell.
The sun demon hits you!!
* * * LOW HITPOINT WARNING * * *
You are engulfed in flames.
You resist.
* * * LOW HITPOINT WARNING * * *
Okay, then.
Okay, then.
You feel much better.
The kobold demonologist barely misses you.
The sun demon hits you.
You are engulfed in flames!
You resist. The sixfirhy hits you.
* * * LOW HITPOINT WARNING * * *
The sixfirhy shocks you!
* * * LOW HITPOINT WARNING * * *
You feel much better. The sixfirhy hits you! The sixfirhy shocks you!
* * * LOW HITPOINT WARNING * * *
The sixfirhy hits you but does no damage.
The sixfirhy hits you.
* * * LOW HITPOINT WARNING * * *
The sixfirhy shocks you!
* * * LOW HITPOINT WARNING * * *
The kobold demonologist hits you with a +0 dagger.
* * * LOW HITPOINT WARNING * * *
The sun demon hits you!
* * * LOW HITPOINT WARNING * * *
You are engulfed in flames!
You resist. The Shining One protects you from harm!
The sixfirhy barely misses you.
You slash the kobold demonologist! You burn the kobold demonologist.
You headbutt the kobold demonologist!
The kobold demonologist is almost dead.
You slash the sixfirhy! You burn the sixfirhy. You hit the sun demon.
The sixfirhy hits you but does no damage.
The sixfirhy hits you! The Shining One protects you from harm!
The sixfirhy shocks you!
You die...

#...............)#.##......#
#......)#.......##.###.....#
#.#####.##.....###.# ###...#
#.###...## #.# ##..# #.#
##'## #.######..# #.#
#.#####.........# #.#
#)##........##.## ..#
##)##.######.##.#
#####3@3#.# #.##.# #..K...#
#.##.# .......#.# .....#
####.#.##.###.##.####
#....<........#
###.########### #.# #.# .#


You could see a sun demon (summoned), a kobold demonologist and a sixfirhy
(summoned).

Vanquished Creatures
  A two-headed ogre (D:7)
  5 unseen horror zombies (D:9)
  Jeremiah (D:8)
  2 trolls (D:9)
  A hornet (D:8)
  3 yaks (D:9)
  Sigmund (D:2)
  A wyvern (D:9)
  Grum (D:8)
  A vampire (D:7)
  Eustachio (D:4)
  3 steam dragons
  An acid dragon (D:7)
  5 water moccasins
  A black bear (D:7)
  2 ice beasts
  8 ogres
  3 sky beasts
  2 centaurs
  4 wolves (D:8)
  4 kobold brigands
  Blork the orc (D:4)
  3 bullfrogs
  2 wyvern zombies (D:9)
  4 scorpions
  10 wights
  7 killer bees (D:9)
  2 oklob saplings (D:8)
  4 howler monkeys
  A bombardier beetle (D:6)
  3 centaur zombies (D:9)
  5 hounds
  3 gnoll boudas
  2 jellies (D:7)
  11 orc priests
  4 iguanas
  4 orc wizards
  A killer bee zombie (D:9)
  A howler monkey zombie (D:9)
  13 gnolls
  16 adders
  6 river rats (Sewer)
  A shadow imp (D:7)
  A white imp (D:5)
  2 ufetubi (D:5)
  2 dart slugs
  4 ribbon worms
  48 orcs
  18 bats
  8 endoplasms
  8 giant cockroaches
  3 goblins
  8 hobgoblins
  13 jackals
  12 kobolds
  9 quokkas
  15 ball pythons
  6 frilled lizards
  6 rats
318 creatures vanquished.

Notes
Turn   | Place    | Note
-------+----------+-------------------------------------------
     0 | D:1      | LustLizard the Minotaur Monk began the quest for the Orb.
     0 | D:1      | Reached XP level 1. HP: 19/19 MP: 0/0
   318 | D:1      | Reached XP level 2. HP: 26/27 MP: 1/1
   439 | D:1      | Reached skill level 4 in Axes
   561 | D:1      | Found a faded altar of an unknown god.
   734 | D:1      | Reached XP level 3. HP: 33/33 MP: 2/2
  1075 | D:2      | Noticed Sigmund
  1620 | D:2      | Reached XP level 4. HP: 41/41 MP: 3/3
  2064 | D:3      | Found Fidiaj's Antique Weapon Shop.
  2301 | D:3      | Found a hide-covered altar of Uskayaw.
  2301 | D:3      | Noticed a +0 dagger
  2302 | D:3      | Noticed a +0 spear
  2302 | D:3      | Noticed a +0 dagger
  2311 | D:3      | Noticed a +0 falchion
  2312 | D:3      | Noticed a +0 short sword
  2312 | D:3      | Noticed a +0 spear
  2313 | D:3      | Noticed a +0 falchion
  2314 | D:3      | Noticed a +0 short sword
  2334 | D:3      | Reached skill level 5 in Fighting
  2400 | D:3      | Found a glowing golden altar of the Shining One.
  2406 | D:3      | Found a glowing silver altar of Zin.
  2407 | D:3      | Found a white marble altar of Elyvilon.
  2412 | D:3      | Became a worshipper of the Shining One
  2412 | D:3      | Reached * piety under the Shining One
  2412 | D:3      | Reached ** piety under the Shining One
  2656 | D:4      | Noticed Blork the orc
  2750 | D:4      | Reached XP level 5. HP: 48/48 MP: 4/4
  2828 | D:4      | Reached skill level 5 in Axes
  2873 | D:4      | Noticed an ogre
  2886 | D:4      | Killed an ogre
  2887 | D:4      | Reached skill level 5 in Dodging
  2887 | D:4      | Reached XP level 6. HP: 27/57 MP: 5/5
  3379 | D:4      | Killed Blork the orc
  3380 | D:4      | Reached skill level 6 in Axes
  3589 | D:4      | Found Pairch Angoc's Distillery.
  3596 | D:4      | Reached XP level 7. HP: 59/64 MP: 6/6
  3610 | D:4      | Bought a potion of curing for 42 gold pieces
  3723 | D:4      | Noticed Eustachio
  3824 | D:2      | Killed Sigmund
  3825 | D:2      | Reached skill level 1 in Throwing
  3825 | D:2      | Reached skill level 1 in Invocations
  3929 | D:2      | Identified the +0 cloak "Nost" {rF+ Will+ Int-5 SInv}
  4189 | D:4      | Killed Eustachio
  4190 | D:4      | Reached skill level 7 in Axes
  4296 | D:5      | Entered Level 5 of the Dungeon
  4322 | D:5      | Reached skill level 1 in Evocations
  4323 | D:5      | Reached XP level 8. HP: 31/71 MP: 8/8
  4411 | D:5      | Found Bing's Jewellery Boutique.
  4478 | D:5      | Found a glowing drain.
  4548 | Sewer    | Entered a sewer
  5383 | D:5      | Found a shimmering altar of Xom.
  5387 | D:5      | Found a staircase to the Ecumenical Temple.
  5492 | D:5      | Found Ylybics's Distillery.
  5497 | D:5      | Bought a potion of heal wounds for 65 gold pieces
  5497 | D:5      | Bought a potion of might for 52 gold pieces
  5609 | D:5      | Reached skill level 8 in Axes
  5728 | D:5      | Reached *** piety under the Shining One
  6352 | D:5      | Found Uxoyj's Magic Scroll Emporium.
  6355 | D:5      | Bought a scroll of fear for 44 gold pieces
  6355 | D:5      | Bought a scroll of teleportation for 33 gold pieces
  6899 | D:6      | Found a sparkling altar of Nemelex Xobeh.
  6959 | D:6      | Reached skill level 9 in Axes
  7118 | D:6      | Reached XP level 9. HP: 78/81 MP: 10/10
  7896 | D:7      | Found Usifijenn's Jewellery Shoppe.
  7926 | D:7      | Found Anamu's Jewellery Shoppe.
  8070 | D:7      | Reached skill level 10 in Axes
  8179 | D:7      | Noticed a two-headed ogre
  8528 | D:8      | Reached skill level 5 in Throwing
  8528 | D:8      | Reached skill level 5 in Invocations
  8556 | D:8      | Noticed Grum
  8564 | D:8      | Killed Grum
  8579 | D:8      | Reached skill level 11 in Axes
  8646 | D:8      | Reached XP level 10. HP: 67/91 MP: 10/12
  9004 | D:8      | Noticed Jeremiah
  9049 | D:8      | Killed Jeremiah
  9212 | D:8      | Reached **** piety under the Shining One
  9600 | D:8      | Found a hazy altar of Hepliaklqana.
  9889 | D:7      | Killed a two-headed ogre
  9890 | D:7      | Reached skill level 12 in Axes
 10266 | D:9      | Reached skill level 10 in Fighting
 10759 | D:9      | Reached XP level 11. HP: 74/101 MP: 13/15
 10765 | D:9      | Reached skill level 13 in Axes
 10969 | D:9      | Reached ***** piety under the Shining One
 10999 | D:9      | Found a bloodstained altar of Trog.
 11768 | D:10     | Entered Level 10 of the Dungeon
 11790 | D:10     | Noticed Lodul
 12098 | D:10     | Noticed a sun demon
 12105 | D:10     | Noticed a sixfirhy
 12106 | D:10     | HP: 4/101 [sun demon[a kobold demonologist] (13)]
 12106 | D:10     | The Shining One protects you from harm!
 12107 | D:10     | The Shining One protects you from harm!
 12107 | D:10     | Mangled by a sixfirhy

Illustrated notes

Levels and vault maps discovered:
D:1:      minmay_arrival_checkered_box, layout_basic,
          shapermc_ecumenical_altar_notcrosses, serial_bayou_pond_d,
          kennysheep_decorative_pillar, chequers_serial_rivers_micro_c,
          minmay_statues_item
D:2:      layout_basic, uniq_sigmund
D:3:      layout_loops_corners, good_gods_temple_1, nicolae_uskayaw_en_pointe,
          serial_shops, shop
D:4:      layout_rooms, serial_shops, shop, chequers_serial_rivers_marsh,
          grunt_decor_one_mirror, sigmund_army, uniq_eustachio,
          uniq_blork_the_orc
D:5:      nicolae_cairo_tiling, layout_basic,
          mainiacjoe_overflow_six_doors_small, minmay_temple_entry_offerings,
          gup_sewer_entry_pipe, serial_shops, nicolae_shop_tiny_waterfront,
          shop, nicolae_shop_rolled_up, minmay_crossroads
D:6:      layout_layer_cave, kennysheep_little_box, dreamdust_wishing_well
D:7:      minmay_cornered_nines, layout_basic, serial_shops,
          nicolae_shop_window_shopping, nicolae_shop_gaudy_bauble
D:8:      layout_loops_ring, worldfamousw_hep_ancestral_shrine,
          chequers_serial_rivers_small_a, st_stairs_9, grunt_ministairs_6,
          introduction_to_nature_2, uniq_grum, uniq_jeremiah
D:9:      layout_basic, mainiacjoe_overflow_catwalk, serial_undead,
          serial_undead_e, serial_undead_f, serial_undead_f, serial_undead_f,
          serial_undead_a, serial_undead_c
D:10:     layout_loops_corners, lair_entry_dummy, orc_0_dummy,
          lightli_wizard_tower, uniq_lodul

Skill      XL: |  1  2  3  4  5  6  7  8  9 10 11 |
---------------+----------------------------------+-----
Fighting       | 4 5 6 7 9 10 | 10.7
Axes           | 4 5 6 7 9 11 12 13 | 13.5
Dodging        | 4 5 |  5.6
Throwing       | 2 3 5 6 7 |  7.2
Invocations    | 2 3 5 6 7 |  7.1
Evocations     | 1 |  1.8

Action                     |  1- 3 |  4- 6 |  7- 9 | 10-12 || total
---------------------------+-------+-------+-------+-------++-------
  Melee: Hand axe          |    79 |   135 |   312 |       ||   526
         Headbutt          |    10 |    39 |    97 |    59 ||   205
         War axe           |       |       |    85 |   235 ||   320
  Throw: Dart              |     1 |     6 |    13 |     2 ||    22
         Boomerang         |       |       |     1 |     4 ||     5
 Invoke: Divine Shield     |       |       |       |     1 ||     1
  Evoke: Wand              |       |       |     8 |     9 ||    17
    Use: Scroll            |       |       |    14 |     1 ||    15
         Potion            |       |       |     3 |     2 ||     5
 Armour: Robe              |    16 |       |       |       ||    16
         Ring mail         |    25 |    37 |       |       ||    62
         Plate armour      |       |    26 |   399 |   207 ||   632
  Dodge: Dodged            |    43 |    69 |   103 |    73 ||   288
